 Dungeon Crawl Stone Soup version 0.29.1-1-gd02db69 (webtiles) character file.

Game seed: 11974957990259829090

267 Kel the Chopper (level 6, -3/37 HPs)
             Began as a Gargoyle Berserker on Mar 26, 2023.
             Was a Believer of Trog.
             Slain by Kel's ghost (7 damage)
             ... on level 3 of the Dungeon.
             The game lasted 00:11:17 (3201 turns).

Kel the Chopper (Gargoyle Berserker)                Turns: 3201, Time: 00:11:19

Health: -3/37      AC: 14    Str: 20 (22) XL:     6   Next: 21%
Magic:  6/6        EV:  7    Int:  5 (8)  God:    Trog [**....]
Gold:   223        SH:  0    Dex:  7 (9)  Spells: 5/5 levels left

rFire   . . .      SeeInvis .   b - +2 hand axe (vorpal)
rCold   . . .      Faith    .   (no shield)
rNeg    + . .      Spirit   .   p - +0 chain mail
rPois   ∞          Reflect  .   (no helmet)
rElec   +          Harm     .   (no cloak)
rCorr   .          Rampage  .   l - +0 pair of gloves
Will    +....                   (no boots)
Stlth   ..........              (no amulet)
HPRegen 0.12/turn               d - ring of willpower
MPRegen 0.10/turn               (no ring)

@: on berserk cooldown, slowed, very slow
A: sickness immunity, AC +4, negative energy resistance 1, electricity
resistance, torment resistance 1, petrification resistance
a: Renounce Religion, Berserk, Trog's Hand


You were on level 3 of the Dungeon.
You worshipped Trog.
Trog was pleased with you.
You visited 1 branch of the dungeon, and saw 3 of its levels.
You also visited: Sewer.

You collected 223 gold pieces.

Inventory:

Hand Weapons
 b - a +2 vorpal hand axe (weapon)
Armour
 l - a +0 pair of gloves (worn)
 p - a +0 chain mail (worn)
Jewellery
 d - a ring of willpower (left hand)
Scrolls
 a - a scroll of fear {unknown}
 h - 2 scrolls of blinking {unknown}
 i - a scroll of butterflies {unknown}
 j - 5 scrolls of identify {unknown}
 k - 4 scrolls of immolation {unknown}
 n - a scroll of silence {unknown}
 o - 3 scrolls of teleportation {unknown}
 q - a scroll of enchant weapon {unknown}
Potions
 c - a potion of heal wounds {unknown}
 e - a potion of degeneration
 f - a potion of magic {unknown}
 g - 2 potions of cancellation {unknown}
 m - 2 potions of curing {unknown}
 r - 2 potions of haste


   Skills:
 - Level 3.2 Fighting
 + Level 6.2 Axes
 - Level 2.1 Armour
 - Level 1.5 Dodging


You had 5 spell levels left.
You didn't know any spells.
Your spell library was empty.

Dungeon Overview and Level Annotations

Branches:
Dungeon (3/15)              Sewer (visited)

Altars:
Trog

Shops:
D:2 =(*:

Annotations:
D:3 Kel's ghost, amateur GrBe


Innate Abilities, Weirdness & Mutations

You are immune to sickness and miasma.
Your stone body is resilient. (AC +4)
You are immune to poison.
You resist negative energy. (rN+)
You are resistant to electric shocks. (rElec)
You are resistant to unholy torment.
You are immune to petrification.


Message History

Kel's ghost is moderately damaged.
Kel's ghost hits you but does no damage.
Kel's ghost barely misses you.
You barely miss Kel's ghost.
Kel's ghost is moderately damaged.
Kel's ghost barely misses you.
You barely miss Kel's ghost.
Kel's ghost is moderately damaged.
Kel's ghost hits you but does no damage.
Kel's ghost hits you!
* * * LOW HITPOINT WARNING * * *
It was a potion of degeneration.
There was something very wrong with that liquid.
You feel weakened.
You feel dopey.
You feel clumsy.
Kel's ghost hits you but does no damage.
You hit Kel's ghost but do no damage.
Kel's ghost is moderately damaged.
Kel's ghost hits you but does no damage. x2
You barely miss Kel's ghost.
Kel's ghost is moderately damaged.
Kel's ghost hits you but does no damage.
You hit Kel's ghost but do no damage.
Kel's ghost is moderately damaged.
Kel's ghost hits you.
* * * LOW HITPOINT WARNING * * *
Kel's ghost hits you but does no damage.
You completely miss Kel's ghost.
Kel's ghost is moderately damaged.
Kel's ghost closely misses you.
You hit Kel's ghost.
Kel's ghost is heavily damaged.
Kel's ghost completely misses you. Kel's ghost hits you.
* * * LOW HITPOINT WARNING * * *
You barely miss Kel's ghost.
Kel's ghost is heavily damaged.
Kel's ghost hits you but does no damage.
You barely miss Kel's ghost.
Kel's ghost is heavily damaged.
Kel's ghost barely misses you. Kel's ghost hits you!
You die...

...###......#
##..........####~#
........)...'.>#)#
#...........#..#~#
#.#...#######..#~#
#.+...# #..#~##
###...#
####'#~##########
# #...#
#....#W#..$.....#
# #...#
#.....@..######.#
# #...# #.†...####
#.# #...# #..####
#.# #...# #....#
#.# #.#.## #.#
#..#. #.# #.. #.
#.# ..# #. #.# #.#


You could see Kel's ghost.

Vanquished Creatures
  A water moccasin (Sewer)
  A bullfrog (D:3)
  3 adders
  2 worms
  3 dart slugs
  5 endoplasms (D:1)
  5 giant cockroaches
  6 goblins
  4 hobgoblins
  6 quokkas
  2 ball pythons (D:1)
  7 bats
  3 frilled lizards
  5 kobolds
  5 rats
58 creatures vanquished.

Notes
Turn   | Place    | Note
-------+----------+-------------------------------------------
     0 | D:1      | Kel the Gargoyle Berserker began the quest for the Orb.
     0 | D:1      | Reached XP level 1. HP: 14/14 MP: 1/1
   208 | D:1      | Reached skill level 3 in Axes
   267 | D:1      | Reached XP level 2. HP: 19/19 MP: 2/2
  1005 | D:1      | Reached XP level 3. HP: 21/23 MP: 3/3
  1571 | D:2      | Found a bloodstained altar of Trog.
  1715 | D:2      | Reached skill level 4 in Axes
  1720 | D:2      | Found Muopoha's Assorted Antiques.
  1815 | D:2      | Found Muukkede's Weapon Shop.
  1894 | D:2      | Found Daireob's Book Boutique.
  2243 | D:2      | Found Ekhano's Jewellery Boutique.
  2349 | D:2      | Reached XP level 4. HP: 10/28 MP: 4/4
  2627 | D:3      | Found a runed translucent door.
  2627 | D:3      | Noticed a bullfrog
  2814 | D:3      | Reached ** piety under Trog
  2889 | D:3      | Found a glowing drain.
  2903 | Sewer    | Entered a sewer
  2949 | Sewer    | Noticed a water moccasin
  2964 | Sewer    | Killed a water moccasin
  2965 | Sewer    | Reached skill level 5 in Axes
  2965 | Sewer    | Reached XP level 5. HP: 28/32 MP: 5/5
  3152 | D:3      | Noticed Kel's ghost (amateur GrBe)
  3174 | D:3      | Reached skill level 6 in Axes
  3174 | D:3      | Reached XP level 6. HP: 37/37 MP: 6/6
  3201 | D:3      | Slain by Kel's ghost

Illustrated notes

Levels and vault maps discovered:
D:1:      dpeg_arrival_circle_labyrinth_a, layout_basic
D:2:      layout_basic, serial_shops, nicolae_shop_hallway_plus, shop,
          nicolae_diamond_shop, nicolae_square_shop, basic_altar,
          chequers_serial_rivers_micro_c, kennysheep_generic_room_6
D:3:      layout_basic, pdpol_wu_jian_five_deadly_venoms, gup_sewer_entry_pipe,
          ebering_ghost_sewer_d, uniq_sigmund

Skill      XL: |  1  2  3  4  5 |
---------------+----------------+-----
Axes           | 3 4 5 6 |  6.2
Fighting       | |  3.2
Armour         | |  2.1
Dodging        | |  1.5

Action                   |  1- 3 |  4- 6 || total
-------------------------+-------+-------++-------
Melee: Hand axe          |    97 |   104 ||   201
Invok: Berserk           |       |     1 ||     1
  Use: Potion            |       |     1 ||     1
Armor: Animal skin       |     9 |       ||     9
       Ring mail         |    19 |       ||    19
       Chain mail        |     1 |    76 ||    77
Dodge: Dodged            |    61 |    60 ||   121
